 Dungeon Crawl Stone Soup version 0.28-a0-723-g095bd1b44f (webtiles) character file.

Game seed: 8288407665345639599

10108 ytrimaz the Cleaver (level 11, -6/84 HPs)
             Began as a Formicid Fighter on Oct 25, 2021.
             Was an Elder of Okawaru.
             Mangled by a cyan ugly thing (15 damage)
             ... on level 12 of the Dungeon.
             The game lasted 00:16:30 (12950 turns).

ytrimaz the Cleaver (Formicid Fighter)             Turns: 12950, Time: 00:16:31

Health: -6/84      AC: 25    Str: 24    XL:     11   Next: 86%
Magic:  10/16      EV: 12    Int:  6    God:    Okawaru [****..]
Gold:   449        SH: 12    Dex: 11    Spells: 10/10 levels left

rFire   . . .      SeeInvis +   a - +1 war axe (protect)
rCold   . . .      Faith    .   c - +1 buckler
rNeg    + . .      Spirit   .   b - +0 scale mail
rPois   +          Reflect  +   (helmet unavailable)
rElec   .          Harm     .   l - +2 ratskin cloak {*Rats rPois rN+ Str-1 Int-1 Dex+1}
rCorr   .          Rampage  .   m - +0 pair of gloves
Will    +....                   (no boots)
Stlth   +.........              g - amulet of reflection
HPRegen 0.24/turn               d - ring of flight
MPRegen 0.15/turn               p - +4 ring of protection

@: heroic, finesse-ful, under a protective aura, flying
A: permanent stasis, dig shafts and tunnels, antennae 3, four strong arms
a: Dig, Shaft Self, Renounce Religion, Heroism, Finesse


You were on level 12 of the Dungeon.
You worshipped Okawaru.
Okawaru was greatly pleased with you.
You visited 2 branches of the dungeon, and saw 13 of its levels.

You collected 449 gold pieces.

Inventory:

Hand Weapons
 a - a +1 war axe of protection (weapon)
 v - a +2 flail of holy wrath
Armour
 b - a +0 scale mail (worn)
 c - a +1 buckler (worn)
 l - the +2 ratskin cloak (worn) {*Rats rPois rN+ Str-1 Int-1 Dex+1}
   (You found it on level 6 of the Dungeon)

   When the wearer is hurt, rats may emerge from it to assist them.
   Str:       It affects your strength (-1).
   Int:       It affects your intelligence (-1).
   Dex:       It affects your dexterity (+1).
   rPois:     It protects you from poison.
   rN:        It protects you from negative energy.
 m - a +0 pair of gloves (worn)
 r - a +0 kite shield
Jewellery
 d - a ring of flight (left hand)
 g - an amulet of reflection (around neck)
 i - an amulet of magic regeneration
 p - a +4 ring of protection (right hand)
 w - an amulet of faith
 y - a ring of magical power
 A - a ring of ice
Wands
 k - a wand of paralysis (8)
 o - a wand of mindburst (13)
 s - a wand of flame (33)
 t - a wand of acid (7)
Scrolls
 j - 2 scrolls of enchant weapon
 n - 4 scrolls of fog
 q - 2 scrolls of amnesia
 u - a scroll of enchant armour
 z - a scroll of fear
 D - a scroll of identify
 E - a scroll of holy word
Potions
 e - 3 potions of brilliance
 f - 2 potions of attraction
 h - 2 potions of flight
 x - 2 potions of degeneration {unknown}
 B - a potion of invisibility
 C - a potion of curing {unknown}


   Skills:
 + Level 7.2(12.2) Fighting
 * Level 14.0(19.0) Axes
 + Level 7.7(12.7) Armour
 + Level 5.8(10.8) Shields
 * Level 7.0 Invocations


You had 10 spell levels left.
You didn't know any spells.
Your spell library contained the following spells:

 Spells                   Type           Power      Damage    Failure   Level
 Foxfire                  Conj/Fire      0%         2x1d4     69%         1
 Conjure Flame            Conj/Fire      0%         6-21      96%         3
 Gell's Gravitas          Tloc           0%         N/A       96%         3
 Inner Flame              Hex/Fire       0%         N/A       96%         3
 Lesser Beckoning         Tloc           0%         N/A       96%         3
 Teleport Other           Tloc           0%         N/A       96%         3
 Airstrike                Air            0%         N/A       100%        4
 Flame Wave               Conj/Fire      0%         3d3       100%        4
 Lightning Bolt           Conj/Air       0%         1d11      100%        5
 Summon Lightning Spire   Summ/Air       Unusable   N/A       N/A         4

Dungeon Overview and Level Annotations

Branches:
Dungeon (12/15)            Temple (1/1) D:5            Lair (0/6) D:9
    Orc (0/2) D:10

Altars:
Ashenzari
Cheibriados
Dithmenos
Fedhas
Gozag
Hepliaklqana
Kikubaaqudgha
Makhleb
Nemelex Xobeh
Okawaru
Qazlal
Ru
Sif Muna
Trog
Uskayaw
Vehumet
Wu Jian
Xom
Yredelemnul
Zin
The Shining One
Beogh

Shops:
D:6 *   D:7 [   D:8 [

Annotations:
D:2 1 runed translucent door, Crazy Yiuf
D:3 2 transporters, AttackTheMoon's ghost, amateur TrMo
D:7 2 transporters, miscthings's ghost, novice DjCj


Innate Abilities, Weirdness & Mutations

You cannot be hasted, slowed, berserked, paralysed or teleported.
You can dig through walls and to a lower floor.
You have a pair of large antennae on your head. (SInv)
Your four strong arms can wield two-handed weapons with a shield.


Message History

Okawaru accepts your kill. The cyan ugly thing closely misses you.
You closely miss the cyan ugly thing.
The cyan ugly thing is lightly wounded.
You hit the slime creature.
Unknown command.
You barely miss the cyan ugly thing.
The cyan ugly thing is lightly wounded.
You slash the slime creature! You slash the cyan ugly thing!
The cyan ugly thing is moderately wounded.
You slash the slime creature! You block the slime creature's attack.
The cyan ugly thing closely misses you.
Unknown command.
You slice the cyan ugly thing!!
The cyan ugly thing is severely wounded.
You hit the slime creature but do no damage.
You hit the cyan ugly thing.
The cyan ugly thing is severely wounded.
You hit the slime creature.
Unknown command.
You closely miss the cyan ugly thing.
The cyan ugly thing is severely wounded.
You barely miss the slime creature. The slime creature closely misses you.
The cyan ugly thing completely misses you.
You hit the cyan ugly thing.
The cyan ugly thing is severely wounded.
You slash the slime creature!
Unknown command.
You slash the cyan ugly thing!
The cyan ugly thing is almost dead.
You hit the slime creature. The slime creature hits you!
* * * LOW HITPOINT WARNING * * *
Unknown command.
You closely miss the cyan ugly thing.
The cyan ugly thing is almost dead.
You slash the slime creature! The cyan ugly thing punches you.
* * * LOW HITPOINT WARNING * * *
The cyan ugly thing shocks you!
You die...

####### #### .......
..... ......# .....
......# ......
......############......
...............)).......
####............@J......
####.############u.#####
.....####### ..#
............ ....
............ .....
###......... ......#
............ ......#
............ .......
............


You could see a cyan ugly thing and a slime creature.

Vanquished Creatures
  A boulder beetle (D:11)
  A two-headed ogre (D:10)
  3 manticores
  2 unseen horrors (D:7)
  A meliai zombie (D:10)
  A wyvern (D:9)
  3 yaks (D:10)
  Grum (D:11)
  4 acid dragons
  3 water moccasins
  4 orc warriors
  2 ice beasts
  A sky beast (D:7)
  4 necrophages
  An ogre (D:7)
  2 wolves (D:11)
  7 centaurs
  2 phantoms
  A kobold brigand (D:10)
  4 bullfrogs
  3 scorpions (D:5)
  17 killer bees
  3 wights (D:8)
  A howler monkey (D:10)
  5 centaur zombies
  A centaur skeleton (D:7)
  3 hounds
  3 orc priests
  2 bullfrog zombies
  An iguana (D:5)
  9 orc wizards
  A scorpion zombie (D:5)
  5 hell rats
  9 adders
  14 river rats (D:6)
  A white imp (D:6)
  An ufetubus (D:6)
  An adder skeleton (D:4)
  An adder zombie (D:5)
  5 worms
  2 dart slugs (D:1)
  36 orcs
  A bat zombie (D:1)
  14 endoplasms
  A giant cockroach (D:3)
  6 goblins
  13 hobgoblins
  2 jackals (D:1)
  19 kobolds
  3 quokkas
  6 ball pythons
  A ball python zombie (D:1)
  6 bats
  6 frilled lizards
  8 rats
258 creatures vanquished.

Vanquished Creatures (others)
  2 fungi (D:2)
  6 plants (D:7)
8 creatures vanquished.

Grand Total: 266 creatures vanquished

Notes
Turn   | Place    | Note
-------+----------+-------------------------------------------
     0 | D:1      | ytrimaz the Formicid Fighter began the quest for the Orb.
     0 | D:1      | Reached XP level 1. HP: 18/18 MP: 1/1
    61 | D:1      | Reached XP level 2. HP: 19/24 MP: 2/2
   691 | D:1      | Reached XP level 3. HP: 21/29 MP: 3/3
   815 | D:1      | Noticed a floating eye
   817 | D:1      | Found a faded altar of an unknown god.
   818 | D:1      | Noticed an eye of devastation
   818 | D:1      | Noticed a shining eye
   818 | D:1      | Noticed a floating eye
  1029 | D:1      | Reached skill level 3 in Axes
  1384 | D:2      | Reached XP level 4. HP: 37/37 MP: 4/4
  2451 | D:2      | Reached skill level 4 in Axes
  2451 | D:2      | Reached XP level 5. HP: 38/42 MP: 5/5
  2737 | D:2      | Found a runed translucent door.
  2738 | D:2      | Noticed Crazy Yiuf
  2934 | D:3      | Found a transporter.
  2939 | D:3      | Noticed a toenail golem
  3069 | D:3      | Noticed a phantom
  3085 | D:3      | Killed a phantom
  3086 | D:3      | Reached XP level 6. HP: 29/48 MP: 6/6
  3219 | D:3      | Found a transporter.
  3235 | D:3      | Noticed a small abomination
  3261 | D:3      | Noticed AttackTheMoon's ghost (amateur TrMo)
  3460 | D:3      | Reached skill level 5 in Axes
  3775 | D:4      | Noticed a necrophage
  3788 | D:4      | Killed a necrophage
  3791 | D:4      | Reached skill level 6 in Axes
  3791 | D:4      | Reached XP level 7. HP: 19/54 MP: 7/7
  4266 | D:4      | Found a broken altar of Ashenzari.
  4538 | D:5      | Entered Level 5 of the Dungeon
  4577 | D:5      | Reached skill level 5 in Armour
  4688 | D:5      | Reached skill level 7 in Axes
  4768 | D:5      | Reached XP level 8. HP: 61/61 MP: 8/8
  4832 | D:5      | Found a staircase to the Ecumenical Temple.
  4841 | Temple   | Entered the Ecumenical Temple
  5040 | Temple   | Became a worshipper of Warmaster Okawaru
  5129 | D:5      | Reached skill level 8 in Axes
  5560 | D:5      | Reached skill level 1 in Invocations
  6149 | D:6      | Found the +2 ratskin cloak {*Rats rPois rN+ Str-1 Int-1
                  | Dex+1}
  6153 | D:6      | Reached XP level 9. HP: 39/64 MP: 10/10
  6175 | D:6      | Reached skill level 9 in Axes
  6515 | D:7      | Noticed an unseen horror
  6542 | D:7      | HP: 1/58 [unseen horror (6)]
  6555 | D:7      | You fall into a shaft and drop 2 floors!
  6967 | D:8      | Reached skill level 5 in Fighting
  7251 | D:6      | Found Zuadiarr's General Store.
  7444 | D:6      | Reached * piety under Okawaru
  8021 | D:7      | Identified the +11 trident of Jiowamek {elec, rF+}
  8021 | D:7      | Identified the +6 scale mail of Leeb {rCorr}
  8039 | D:7      | Found a transporter.
  8049 | D:7      | Noticed miscthings's ghost (novice DjCj)
  8119 | D:7      | Killed an unseen horror
  8120 | D:7      | Reached skill level 10 in Axes
  8244 | D:7      | Found a transporter.
  8278 | D:7      | Noticed a cyclops
  8279 | D:7      | Noticed a six-headed hydra
  8280 | D:7      | Noticed an unseen horror
  8285 | D:7      | Killed an unseen horror
  8285 | D:7      | Reached ** piety under Okawaru
  8329 | D:7      | Noticed a kobold demonologist
  8432 | D:6      | Reached XP level 10. HP: 26/76 MP: 9/12
  8786 | D:7      | Reached skill level 11 in Axes
  8790 | D:7      | Found Igruph's Armour Boutique.
  8905 | D:8      | Found Liorgh's Antique Armour Shoppe.
  8957 | D:8      | Found a bloodstained altar of Trog.
 10059 | D:9      | Found an ornate altar of the Wu Jian Council.
 10061 | D:9      | Found a blossoming altar of Fedhas.
 10062 | D:9      | Found a hazy altar of Hepliaklqana.
 10101 | D:9      | Found a staircase to the Lair.
 10122 | D:9      | Reached *** piety under Okawaru
 10123 | D:9      | Reached skill level 12 in Axes
 10123 | D:9      | Reached skill level 5 in Invocations
 10573 | D:10     | Entered Level 10 of the Dungeon
 10586 | D:10     | Found a staircase to the Orcish Mines.
 10617 | D:10     | Noticed a two-headed ogre
 10640 | D:10     | Killed a two-headed ogre
 10730 | D:10     | Reached XP level 11. HP: 83/83 MP: 12/15
 11003 | D:10     | Reached **** piety under Okawaru
 11245 | D:10     | Noticed a manticore
 11257 | D:10     | Killed a manticore
 11258 | D:10     | Reached skill level 13 in Axes
 11258 | D:10     | Reached skill level 5 in Shields
 11413 | D:11     | Noticed a boulder beetle
 11442 | D:11     | Killed a boulder beetle
 11591 | D:11     | Noticed a manticore
 11612 | D:11     | Killed a manticore
 11612 | D:11     | Reached ***** piety under Okawaru
 12027 | D:11     | Noticed Grum
 12047 | D:11     | Killed Grum
 12259 | D:11     | Noticed a manticore
 12267 | D:11     | Killed a manticore
 12641 | D:11     | Reached skill level 14 in Axes
 12932 | D:12     | Noticed a cyan ugly thing
 12950 | D:12     | Mangled by a cyan ugly thing

Illustrated notes

Levels and vault maps discovered:
D:1:      saegor_arrival_fortress, layout_basic,
          hellmonk_ecumenical_altar_watching_god, grunt_decor_resistance,
          minmay_quantized
D:2:      layout_loops_corners, minmay_unequal, uniq_crazy_yiuf_cottage
D:3:      layout_loops_ring, gammafunk_ghost_abyssal_escape
D:4:      layout_cave_pools, nicolae_ashenzari_panopticon,
          minmay_misc_feat_rugged, hex_large, st_stairs_5
D:5:      layout_loops_ring, minmay_temple_entry_arrows,
          minmay_misc_feat_more_columns
D:6:      wander_guarded_unrand_ratskin, layout_loops_ring, serial_shops,
          nicolae_inconvenience_store
D:7:      layout_cave_pools, nicolae_elyvilon_peaceful_grove, serial_shops,
          nicolae_shop_crystal, gammafunk_ghost_gnarly_gnolls,
          minmay_the_grid_2x2 [minmay_the_grid_holed_spiral,
          minmay_the_grid_minigrid_small_alt, minmay_the_grid_broken_lines,
          minmay_the_grid_prize_big_room]
D:8:      layout_gridville, mainiacjoe_overflow_tiny_flanked, serial_shops, shop
D:9:      layout_small_grid, grunt_temple_overflow_open, lair_entry_dummy
D:10:     layout_loops_cross, minmay_orc_entry_temple_small
D:11:     layout_rooms, uniq_grum
D:12:     nzn_winding_woodlands_three_and_one [nzn_winding_woodlands_5x15_pool,
          nzn_winding_woodlands_5x15_sawtooth,
          nzn_winding_woodlands_5x15_sidewinder,
          nzn_winding_woodlands_center_garden], layout_long_grid, serial_shops,
          kennysheep_little_box
Temple:   eino_temple_scatter_basement

Skill      XL: |  1  2  3  4  5  6  7  8  9 10 11 |
---------------+----------------------------------+-----
Axes           | 3 4 6 7 8 10 12 14 | 14.0
Armour         | 4 5 6 7 |  7.7
Fighting       | 4 5 6 7 |  7.2
Invocations    | 1 3 5 7 |  7.0
Shields        | 4 5 |  5.8

Action                   |  1- 3 |  4- 6 |  7- 9 | 10-12 || total
-------------------------+-------+-------+-------+-------++-------
Melee: War axe           |   103 |   182 |   317 |   309 ||   911
Invok: Heroism           |       |       |     2 |    14 ||    16
       Finesse           |       |       |       |     2 ||     2
 Abil: Dig               |     4 |     1 |     5 |     2 ||    12
       Shaft Self        |       |       |     1 |       ||     1
Evoke: Wand              |       |       |     6 |       ||     6
  Use: Scroll            |     3 |     7 |     4 |     5 ||    19
       Potion            |       |       |     7 |     1 ||     8
Armor: Scale mail        |    63 |    78 |   207 |   168 ||   516
Dodge: Dodged            |    56 |    76 |   196 |   156 ||   484
Block: Buckler           |    22 |    42 |   194 |   200 ||   458
       Reflection        |       |       |     5 |     5 ||    10

Table legend: (Time is in decaauts)
 A = Elapsed time spent in this place.
 B = Non-inter-level travel time spent in this place.
 C = Inter-level travel time spent in this place.
 D = Time resting spent in this place.
 E = Time spent auto-exploring this place.
 F = Levels seen in this place.
 G = Mean time per level.
                   A        B        C        D        E       F      G
               +--------+--------+--------+--------+--------+-----+--------+
         Total |  12976 |  12636 |    340 |   2909 |   7163 |  13 |  998.2 |
       Dungeon |  12758 |  12466 |    292 |   2909 |   7012 |  12 | 1063.2 |
        Temple |    217 |    169 |     48 |      0 |    151 |   1 |  217.0 |
               +--------+--------+--------+--------+--------+-----+--------+

Top non-repeatable levels by time:
     D:6: 1637 daAuts
     D:9: 1488 daAuts
    D:11: 1449 daAuts
     D:1: 1413 daAuts
     D:2: 1407 daAuts
     D:5: 1059 daAuts
     D:4: 980 daAuts
     D:7: 847 daAuts
     D:3: 833 daAuts
    D:10: 818 daAuts
     D:8: 789 daAuts
  Temple: 217 daAuts
    D:12: 33 daAuts
